[Event "Titled Tuesday Blitz June 14 Late 2022"]
[White "Luo, Terry"]
[Black "Injac, Teodora"]
[WhiteFideId "30931045"]
[BlackFideId "932400"]
[WhiteElo "2024"]
[BlackElo "2278"]
[Result "1-0"]
[Round "05"]
[TimeControl "180+1"]
[Date "2022.06.14"]
[WhiteClock "0:00:06"]
[BlackClock "0:00:02"]

1. d4 Nf6 2. c4 g6 3. Nc3 Bg7 4. e4 d6 5. Nf3 O-O 6. Be2 e5 7. O-O Bg4 8. d5 a5 9. h3 Bd7 10. Be3 Na6 11. Nd2 Nc5 12. b3 b6 13. a3 Kh8 14. b4 Nb7 15. Bd3 Ng8 16. g4 Bh6 17. Qe2 Qh4 18. Kg2 Bxe3 19. Qxe3 f5 20. Qg3 Qe7 21. f3 Nf6 22. Kh2 Ne8 23. exf5 gxf5 24. gxf5 Ng7 25. Rg1 Nxf5 26. Bxf5 Bxf5 27. Nce4 Rg8 28. Qf2 axb4 29. axb4 Rxa1 30. Rxa1 Qf7 31. Rg1 Rxg1 32. Qxg1 Qh5 33. Qg3 Nd8 34. Nf1 Nf7 35. Ne3 Bxe4 36. fxe4 Qe2+ 37. Kh1 Nh6 38. Ng2 Qxe4 39. Qg5 Qb1+ 40. Kh2 Qg6 41. Qd8+ Ng8 42. Qxc7 e4 43. Qxb6 Qf6 44. Qe3 Qe5+ 45. Qf4 Qxf4+ 46. Nxf4 Nf6 47. c5 dxc5 48. bxc5 e3 49. c6 e2 50. Nxe2 Nxd5 51. Kg3 Nc7 52. Kf4 Kg7 53. Ke5 Kf7 54. Kd6 Nb5+ 55. Kd7 Kf6 56. Nc3 Na7 57. c7 Kg5 58. Nb5 Nxb5 59. c8=Q 1-0


[Site "https://www.chess.com"]

[Event "Titled Tuesday Blitz June 14 Late 2022"]
[White "Mammadova, Gulnar"]
[Black "Djabri,Massinas"]
[WhiteFideId "13403508"]
[BlackFideId "7905726"]
[WhiteElo "2255"]
[BlackElo "1941"]
[Result "1-0"]
[Round "05"]
[TimeControl "180+1"]
[Date "2022.06.15"]
[WhiteClock "0:00:15"]
[BlackClock "0:00:02"]

1. e4 e5 2. Nf3 Nc6 3. c3 d5 4. Qa4 f6 5. Bb5 Ne7 6. d3 a6 7. Bxc6+ Nxc6 8. Be3 dxe4 9. dxe4 Qd3 10. Nbd2 Bd7 11. Qb3 O-O-O 12. O-O-O Na5 13. Qc2 Qxc2+ 14. Kxc2 Bb5 15. Nb3 Nc4 16. Rxd8+ Kxd8 17. Rd1+ Kc8 18. Bc1 Nd6 19. Nbd2 Bc6 20. Re1 Be7 21. c4 b6 22. Ng1 Rd8 23. f3 Nb7 24. Ne2 Nc5 25. Nc3 Nd3 26. Rf1 Bc5 27. Nd5 Nxc1 28. Rxc1 Bxd5 29. cxd5 Kd7 30. Rd1 h5 31. a3 h4 32. b4 Bd6 33. h3 a5 34. Kb3 axb4 35. axb4 Ra8 36. Nc4 Ke7 37. Ne3 g6 38. Nc4 f5 39. Re1 Rg8 40. f4 b5 41. Nxe5 fxe4 42. Nc6+ Kf6 43. Rxe4 Kf5 44. Re6 Kxf4 45. Nd4 Kg3 46. Re2 Rb8 47. Kc3 Bf8 48. Ne6 Bd6 49. Ng5 Ra8 50. Ne4+ Kf4 51. Nxd6 cxd6 52. Kd4 Ra3 53. Rf2+ Kg3 54. Rf6 Kxg2 55. Rxg6+ Kxh3 56. Rxd6 Kg2 57. Rh6 h3 58. d6 h2 59. d7 Ra1 60. Kc5 Rd1 61. Rg6+ Kf2 62. Rf6+ Kg2 63. Rd6 h1=Q 64. d8=Q Qh5+ 65. Rd5 Rc1+ 66. Kxb5 Qe2+ 67. Kb6 Qc4 68. Qg5+ Kf1 69. Rf5+ Ke2 70. Qg2+ Kd3 71. Rf3+ 1-0


[Site "https://www.chess.com"]

[Event "Titled Tuesday Blitz June 14 Late 2022"]
[White "Martinez Alcantara, Jose Eduardo"]
[Black "Shimanov, Aleksandr"]
[WhiteFideId "3805662"]
[BlackFideId "4198603"]
[WhiteElo "2703"]
[BlackElo "2605"]
[Result "1-0"]
[Round "05"]
[TimeControl "180+1"]
[Date "2022.06.14"]
[WhiteClock "0:00:04"]
[BlackClock "0:00:09"]

1. e4 c6 2. d4 d5 3. e5 Bf5 4. h4 h6 5. g4 Bd7 6. Nc3 e6 7. Be3 Qc7 8. f4 h5 9. gxh5 Nh6 10. Nf3 Nf5 11. Bf2 c5 12. dxc5 Bxc5 13. Qd2 Rxh5 14. Bd3 Bb4 15. a3 Ba5 16. b4 Bb6 17. Bxf5 Rxf5 18. Bxb6 Qxb6 19. h5 Nc6 20. Ne2 a5 21. b5 Qxb5 22. Ng3 Qc4 23. Nxf5 exf5 24. Kf2 Qc5+ 25. Kg3 O-O-O 26. c3 a4 27. Nd4 Na5 28. Qd3 Nc4 29. Kf3 Re8 30. Kf2 Kb8 31. Rh3 f6 32. e6 Bxe6 33. Re1 Bd7 34. Rxe8+ Bxe8 35. Qxf5 Qxa3 36. Qxd5 Qb2+ 37. Ne2 Bb5 38. Rg3 Ka7 39. Qd4+ Nb6 40. c4 Qxd4+ 41. Nxd4 Bxc4 42. Rxg7 a3 43. h6 a2 44. Rg1 Bd3 45. Ra1 Bb1 46. Rxa2+ 1-0


[Site "https://www.chess.com"]

[Event "Titled Tuesday Blitz June 14 Late 2022"]
[White "Mekhitarian, Krikor Sevag"]
[Black "Pesotskiy, Mikhail"]
[WhiteFideId "2107660"]
[BlackFideId "34164453"]
[WhiteElo "2611"]
[BlackElo "2010"]
[Result "1-0"]
[Round "05"]
[TimeControl "180+1"]
[Date "2022.06.15"]
[WhiteClock "0:00:06"]
[BlackClock "0:00:27"]

1. d4 Nf6 2. Nf3 c5 3. d5 b5 4. g3 Bb7 5. c4 Qa5+ 6. Bd2 b4 7. Bg2 d6 8. O-O g6 9. Qc2 Bg7 10. e4 Nbd7 11. h3 O-O 12. Re1 e5 13. Bg5 Qb6 14. Nbd2 Nh5 15. Be3 h6 16. Nh4 Rae8 17. a3 a5 18. axb4 axb4 19. b3 Ra8 20. Reb1 Kh7 21. Qd1 Rxa1 22. Rxa1 Ra8 23. Rxa8 Bxa8 24. Bf3 Nhf6 25. Kh2 Bb7 26. Qb1 Qa5 27. Nf1 Qa3 28. Bc1 Qa6 29. Ng2 Nf8 30. g4 Ng8 31. Ng3 Bf6 32. h4 Qa5 33. g5 Be7 34. Bg4 Qd8 35. Qa1 hxg5 36. hxg5 Bxg5 37. Bxg5 Qxg5 38. Qa7 Qxg4 39. Qxb7 Kg7 40. Qc7 Qd7 41. Qb8 Nf6 42. Ne3 N8h7 43. Ngf5+ gxf5 44. Nxf5+ Kg6 45. Qh8 Nxe4 46. Qg7+ Kxf5 47. Qxh7+ Kf4 48. Qh6+ Kf3 49. Qe3+ Kg4 50. Qh3+ Kg5 51. Qxd7 1-0


[Site "https://www.chess.com"]

[Event "Titled Tuesday Blitz June 14 Late 2022"]
[White "Mikhailov, Viacheslav"]
[Black "Kalajzic, Ivan"]
[WhiteFideId "4187369"]
[BlackFideId "14506378"]
[WhiteElo "2381"]
[BlackElo "2163"]
[Result "1-0"]
[Round "05"]
[TimeControl "180+1"]
[Date "2022.06.15"]
[WhiteClock "0:01:10"]
[BlackClock "0:00:07"]

1. Nf3 Nc6 2. d4 d5 3. Bf4 Bg4 4. e3 e6 5. h3 Bh5 6. Nbd2 Bd6 7. Bxd6 Qxd6 8. Be2 Nf6 9. O-O O-O 10. c4 Bxf3 11. Bxf3 Rad8 12. Rc1 Ne7 13. Qa4 c6 14. cxd5 exd5 15. Nb3 Nc8 16. Nc5 Qe7 17. b4 Ne4 18. Bxe4 dxe4 19. b5 cxb5 20. Qxb5 b6 21. Na6 Nd6 22. Qb4 Qb7 23. Qa4 b5 24. Qa5 Nc4 25. Rxc4 bxc4 26. Nc5 Qb6 27. Qc3 Qb5 28. Rc1 Rc8 29. Qxc4 Qxc4 30. Rxc4 f5 31. Ra4 Rf7 32. Kh2 Rfc7 33. Kg3 g5 34. Ne6 Re7 35. Ra6 h6 36. h4 gxh4+ 37. Kf4 Kf7 38. Nc5 Ke8 39. Rxh6 Rg7 40. Rh8+ 1-0


[Site "https://www.chess.com"]

[Event "Titled Tuesday Blitz June 14 Late 2022"]
[White "Moral Garcia, Serafin"]
[Black "Wang, Isaac"]
[WhiteFideId "2201925"]
[BlackFideId "30977185"]
[WhiteElo "2251"]
[BlackElo "2231"]
[Result "1/2-1/2"]
[Round "05"]
[TimeControl "180+1"]
[Date "2022.06.15"]
[WhiteClock "0:00:36"]
[BlackClock "0:00:28"]

1. e4 c5 2. Nf3 Nc6 3. Bb5 d6 4. c3 Nf6 5. Qe2 Bd7 6. d4 cxd4 7. cxd4 a6 8. Ba4 e6 9. O-O Be7 10. Nc3 O-O 11. e5 dxe5 12. dxe5 Nd5 13. Nxd5 exd5 14. Bxc6 bxc6 15. h3 c5 16. Bf4 Bb5 17. Qe3 Bxf1 18. Rxf1 d4 19. Qe4 Qd7 20. Rc1 Rfc8 21. b3 Qe6 22. Bg3 f6 23. Qd3 fxe5 24. Bxe5 Bd6 25. Bxd6 Qxd6 26. Nd2 Qd5 27. Ne4 Rc6 28. f3 Rac8 29. Rc4 h6 30. Kf2 a5 31. Ke2 Ra8 32. Ra4 Rg6 33. g4 Re6 34. Kd2 Rb6 35. Qc4 Qxc4 36. Rxc4 a4 37. Nxc5 axb3 38. axb3 Ra2+ 39. Kd3 Rf2 40. Kxd4 Rxf3 41. Rc3 Rxc3 42. Kxc3 Rf6 43. b4 Rf3+ 44. Kc4 Rxh3 45. b5 Rh4 46. b6 Rxg4+ 47. Kb5 Rg1 48. Nb3 Rg5+ 49. Ka6 Rg6 50. Ka7 Rxb6 51. Kxb6 Kf7 52. Kc5 Kf6 53. Kd4 Kg5 54. Ke3 Kg4 55. Nd4 g5 56. Kf2 h5 57. Nf3 h4 58. Nxg5 Kxg5 59. Kg2 Kf4 60. Kh3 Kg5 61. Kg2 Kg4 62. Kh2 h3 63. Kh1 Kh4 64. Kh2 Kg5 65. Kh1 Kg4 66. Kh2 Kh4 67. Kh1 Kg3 68. Kg1 h2+ 69. Kh1 Kh3 1/2-1/2


[Site "https://www.chess.com"]

[Event "Titled Tuesday Blitz June 14 Late 2022"]
[White "Murthy, Pappu"]
[Black "Shapiro, Daniel"]
[WhiteFideId "2013401"]
[BlackFideId "2001780"]
[WhiteElo "2002"]
[BlackElo "2287"]
[Result "1-0"]
[Round "05"]
[TimeControl "180+1"]
[Date "2022.06.15"]
[WhiteClock "0:00:04"]
[BlackClock "0:00:01"]

1. c4 e5 2. Nc3 Nf6 3. Nf3 Nc6 4. g3 d5 5. cxd5 Nxd5 6. Bg2 Nde7 7. O-O g6 8. d3 Bg7 9. Rb1 O-O 10. b4 a6 11. a4 Rb8 12. b5 axb5 13. axb5 Nd4 14. Nxd4 exd4 15. Ne4 b6 16. Ba3 Re8 17. Ng5 Nd5 18. Qb3 Bb7 19. h4 Rxe2 20. Be4 h6 21. Qd1 Ra2 22. Qb3 Rxa3 23. Qxa3 hxg5 24. hxg5 Ra8 25. Qb3 Qxg5 26. Ra1 Rd8 27. Ra7 Bc8 28. Qc4 Be6 29. Qc6 Be5 30. Ra8 Kg7 31. Rxd8 Qxd8 32. f4 Bf6 33. f5 gxf5 34. Bxf5 Ne3 35. Bxe6 Nxf1 36. Bh3 Ne3 37. Qf3 Qd5 38. Qf4 Qg5 39. Qxg5+ Bxg5 40. Bd7 Nd5 41. Kg2 Nc3 42. Bc6 Be7 43. Kf3 Bc5 44. Kf4 Kf6 45. g4 Na4 46. g5+ Ke7 47. Ke5 Nb2 48. Ke4 Nd1 49. Kf3 Nb2 50. Ke4 Kd6 51. Kf3 Nd1 52. Ke4 Ne3 53. Be8 Ke7 54. Bc6 Ng4 55. Bd5 Nh2 56. Bc6 Nf1 57. Bd5 Nd2+ 58. Kf5 Nb1 59. Be4 Nc3 60. Bc6 1-0


[Site "https://www.chess.com"]

[Event "Titled Tuesday Blitz June 14 Late 2022"]
[White "Novikova, Galina"]
[Black "Jimenez Fernandez, Rebeca"]
[WhiteFideId "4157095"]
[BlackFideId "32070934"]
[WhiteElo "1863"]
[BlackElo "1877"]
[Result "0-1"]
[Round "05"]
[TimeControl "180+1"]
[Date "2022.06.15"]
[WhiteClock "0:00:17"]
[BlackClock "0:00:10"]

1. e4 c5 2. Nf3 Nc6 3. d4 cxd4 4. Nxd4 g6 5. Nc3 Bg7 6. Be3 Nf6 7. Nxc6 bxc6 8. e5 Ng8 9. Bd4 f6 10. f4 Nh6 11. exf6 exf6 12. Bc4 d5 13. Qe2+ Kf7 14. O-O-O Re8 15. Qf1 dxc4 16. Qxc4+ Be6 17. Qxc6 Qc8 18. Qa4 Nf5 19. Bf2 Qc4 20. Qxc4 Bxc4 21. b3 Be6 22. g4 Ne7 23. h3 f5 24. Nb5 Red8 25. Nc7 Rac8 26. Nxe6 Rxd1+ 27. Rxd1 Kxe6 28. c4 Nc6 29. a3 a5 30. Kc2 Rd8 31. Rxd8 Nxd8 32. b4 axb4 33. axb4 Nc6 34. b5 Bd4 35. Be1 Nb8 36. Kd3 Bc5 37. Bc3 Nd7 38. Bg7 fxg4 39. hxg4 Kd6 40. Ke4 h5 41. gxh5 gxh5 42. f5 h4 43. f6 Ke6 44. Bh6 Nxf6+ 45. Kf3 Nd7 46. Kg4 Be7 47. Be3 Ke5 48. b6 Ke4 49. Bf2 Bc5 50. b7 Bxf2 51. Kh3 Nb8 52. Kg4 Kd4 53. Kh3 Kxc4 54. Kg4 Kb5 55. Kh3 Kb6 56. Kg4 Kxb7 57. Kh3 Kc6 58. Kg4 Kd5 59. Kh3 Ke4 60. Kg4 Ke5 61. Kh3 Kf5 62. Kg2 Bc5 63. Kh1 Kg4 64. Kg2 Nd7 65. Kh1 Ne5 66. Kg2 h3+ 67. Kh1 Bd6 68. Kg1 Kg3 69. Kh1 Ng6 70. Kg1 Nh4 71. Kh1 Nf5 72. Kg1 Ne3 73. Kh1 Ng4 74. Kg1 Nf2 75. Kf1 h2 0-1


[Site "https://www.chess.com"]

[Event "Titled Tuesday Blitz June 14 Late 2022"]
[White "Nozdrachev, Leonid"]
[Black "Salimova, Nurgyul"]
[WhiteFideId "24113433"]
[BlackFideId "2915138"]
[WhiteElo "2129"]
[BlackElo "2184"]
[Result "0-1"]
[Round "05"]
[TimeControl "180+1"]
[Date "2022.06.15"]
[WhiteClock "0:00:01"]
[BlackClock "0:00:02"]

1. e4 c6 2. Nf3 d5 3. d3 dxe4 4. dxe4 Qxd1+ 5. Kxd1 Nf6 6. Nfd2 h5 7. a4 h4 8. h3 g5 9. Nc3 Nbd7 10. Be2 Nc5 11. b4 Ne6 12. Bb2 Nf4 13. Bf3 Bg7 14. Ne2 Ng6 15. Ra3 Be6 16. Nd4 O-O-O 17. Nxe6 fxe6 18. Rd3 Nf4 19. Rxd8+ Rxd8 20. g3 Ng6 21. Ke2 Ne8 22. Bxg7 Nxg7 23. Nc4 Rd4 24. Ne3 Rxb4 25. a5 Ra4 26. gxh4 Nxh4 27. Bg4 Rxa5 28. Rf1 Ng6 29. Ng2 Rc5 30. Kd2 Ne5 31. Be2 Ne8 32. f4 gxf4 33. Nxf4 Kd7 34. h4 Nf6 35. h5 Nxe4+ 36. Kc1 Ng3 37. Rd1+ Ke8 38. h6 Nxe2+ 39. Nxe2 Nf7 40. Rh1 Kf8 41. Nf4 Kg8 42. h7+ Kh8 43. Ng6+ Kg7 44. Nf4 Re5 45. Kd2 Re4 46. Nd3 Rg4 47. Nc5 Rg6 48. Nd7 Rh6 0-1


[Site "https://www.chess.com"]

[Event "Titled Tuesday Blitz June 14 Late 2022"]
[White "Ocelak, Jakub"]
[Black "Sowa, Ryan"]
[WhiteFideId "23707933"]
[BlackFideId "30901693"]
[WhiteElo "2048"]
[BlackElo "2563"]
[Result "0-1"]
[Round "05"]
[TimeControl "180+1"]
[Date "2022.06.15"]
[WhiteClock "0:00:02"]
[BlackClock "0:00:40"]

1. d4 Nh6 2. Bxh6 gxh6 3. c3 Bg7 4. e3 b6 5. Bd3 Bb7 6. f3 c5 7. Qc2 Qc7 8. Bxh7 d6 9. Be4 Nc6 10. Ne2 O-O-O 11. Nd2 d5 12. Bf5+ e6 13. Bh3 cxd4 14. cxd4 Kb8 15. Rc1 Rc8 16. O-O Ba6 17. Nb3 Qd6 18. Qd2 Nb4 19. a3 Nd3 20. Rxc8+ Rxc8 21. Nbc1 Nxc1 22. Rxc1 Rc6 23. Rxc6 Qxc6 24. Nc3 Qc4 25. g3 Bf8 26. Qe1 Qb3 27. Qc1 Bb7 28. Bf1 a6 29. Bd3 b5 30. Qc2 Qxc2 31. Bxc2 Bc6 32. b4 a5 33. Na2 axb4 34. Nxb4 Bd7 35. Kf2 Kc7 36. Ke2 Bd6 37. Kd2 f6 38. Kc3 Kb6 39. Bg6 Bc8 40. g4 Bb7 41. h4 e5 42. Bf7 exd4+ 43. exd4 Kc7 44. Nxd5+ Bxd5 45. Bxd5 Bxa3 46. f4 Bc1 47. f5 Be3 48. Kd3 Bf2 49. g5 fxg5 50. hxg5 hxg5 51. f6 Kd6 52. f7 Ke7 53. Ke4 b4 54. Kf5 Be3 55. Bb3 Kf8 56. Ke4 Bf4 57. Kf5 Be3 58. Ke4 Bf4 59. Kf5 Ke7 60. Ke4 Bc1 61. Kf5 Bd2 62. Ke4 g4 0-1


[Site "https://www.chess.com"]

[Event "Titled Tuesday Blitz June 14 Late 2022"]
[White "Ozates, Tuna"]
[Black "Rustemov, Alexander"]
[WhiteFideId "6354521"]
[BlackFideId "4119002"]
[WhiteElo "1887"]
[BlackElo "2770"]
[Result "0-1"]
[Round "05"]
[TimeControl "180+1"]
[Date "2022.06.15"]
[WhiteClock "0:00:37"]
[BlackClock "0:00:24"]

1. e4 e6 2. d4 d5 3. e5 c5 4. c3 Qb6 5. Nf3 Bd7 6. a3 Bb5 7. Bxb5+ Qxb5 8. b4 cxd4 9. cxd4 Nd7 10. Nc3 Qc6 11. Bd2 Nb6 12. O-O Ne7 13. Rc1 Nc4 14. a4 Qd7 15. Bg5 h6 16. Bh4 Nf5 17. b5 Ba3 18. Rb1 O-O 19. g4 Nxh4 20. Nxh4 Be7 21. Ng2 Rac8 22. f4 f6 23. Qd3 fxe5 24. fxe5 Bg5 25. h4 Bd2 26. Ne2 Qe7 27. h5 Qg5 28. Qg3 Ne3 29. Nxe3 Qxe3+ 30. Qxe3 Bxe3+ 31. Kg2 Rc4 32. Rxf8+ Kxf8 33. Kf3 Bxd4 34. Nf4 Ke7 35. a5 Bxe5 36. Ng6+ Kd6 37. Ke3 Rxg4 38. Rf1 Bf6 39. a6 bxa6 40. bxa6 Ra4 41. Rb1 Rxa6 42. Rb7 Ra3+ 43. Kf4 Ra4+ 44. Ke3 e5 45. Nf8 Bg5+ 46. Kd3 e4+ 47. Kc3 Kc6 48. Rf7 Bf6+ 49. Kb3 Ra1 50. Ne6 d4 51. Nxg7 Bxg7 52. Rxg7 e3 0-1


[Site "https://www.chess.com"]

[Event "Titled Tuesday Blitz June 14 Late 2022"]
[White "Papp, Levente"]
[Black "Paravyan, David"]
[WhiteFideId "751243"]
[BlackFideId "4194985"]
[WhiteElo "2308"]
[BlackElo "2569"]
[Result "0-1"]
[Round "05"]
[TimeControl "180+1"]
[Date "2022.06.14"]
[WhiteClock "0:00:04"]
[BlackClock "0:00:47"]

1. Nf3 Nf6 2. g3 g6 3. b3 Bg7 4. Bb2 b6 5. Bg2 Bb7 6. O-O O-O 7. c4 c5 8. Nc3 d5 9. cxd5 Nxd5 10. Qc1 Nc7 11. Na4 Bxb2 12. Qxb2 Ne6 13. Rfd1 Nc6 14. e3 Qd3 15. Qc3 Nb4 16. Nb2 Qe2 17. Re1 Qxf3 18. Bxf3 Bxf3 19. h3 Rfd8 20. a3 Nd5 21. Qe5 Nf6 22. d3 Rd5 23. Qc3 Rh5 24. h4 g5 25. e4 gxh4 26. Re3 Nd4 27. Rxf3 Nxf3+ 28. Kg2 Nd4 29. Rh1 hxg3 30. Rxh5 Nxh5 31. fxg3 Nxg3 32. Qd2 Nh5 33. Qg5+ Ng7 34. Qxe7 b5 35. Qxc5 Nge6 36. Qe7 Rc8 37. Nd1 Rc2+ 38. Nf2 a5 39. Qf6 b4 40. axb4 axb4 41. Kg3 h5 42. Nh3 Rd2 43. Nf4 Nxf4 44. Qd8+ Kh7 45. Kxf4 Ne6+ 0-1


[Site "https://www.chess.com"]

[Event "Titled Tuesday Blitz June 14 Late 2022"]
[White "Pinheiro, Iung Alicio de O."]
[Black "Sadhwani, Raunak"]
[WhiteFideId "2104350"]
[BlackFideId "35093487"]
[WhiteElo "2283"]
[BlackElo "2616"]
[Result "0-1"]
[Round "05"]
[TimeControl "180+1"]
[Date "2022.06.14"]
[WhiteClock "0:00:03"]
[BlackClock "0:01:00"]

1. e4 e5 2. Nf3 Nc6 3. Nc3 Nf6 4. g3 Bc5 5. Bg2 d6 6. h3 a6 7. d3 O-O 8. O-O h6 9. Kh2 Be6 10. Be3 Bxe3 11. fxe3 Ne7 12. Nh4 Nd7 13. d4 c6 14. d5 Qc7 15. dxe6 fxe6 16. Qg4 Rxf1 17. Rxf1 Nf8 18. Qf3 Neg6 19. Nxg6 Nxg6 20. b3 b5 21. Qh5 Nf8 22. h4 Qe7 23. Bh3 Nd7 24. Qg6 Nf6 25. Nd1 Rf8 26. Nf2 h5 27. Kg2 c5 28. c4 bxc4 29. bxc4 Kh8 30. Kg1 Rb8 31. g4 Nh7 32. Qxh5 g6 33. Qh6 g5 34. hxg5 Qxg5 35. Qxg5 Nxg5 36. Bg2 Kg7 37. Nh3 Nf7 38. g5 Rb4 39. Rc1 Rb2 40. a3 Rb3 41. a4 Rxe3 42. Rb1 Rc3 43. Rb6 a5 44. Ra6 Rxc4 45. Rxa5 Rc1+ 46. Kf2 c4 47. Ra7 c3 48. Bf3 Kg6 49. Rc7 Nxg5 50. Nxg5 Kxg5 51. a5 Kf4 52. a6 Rc2+ 53. Be2 d5 54. a7 Ra2 55. exd5 exd5 56. Rxc3 Rxa7 57. Rf3+ Ke4 58. Re3+ Kd4 59. Rd3+ Kc5 60. Rc3+ Kd6 61. Rh3 e4 62. Rh6+ Ke5 63. Rh5+ Kd4 64. Rh4 Ra8 65. Rh5 Rd8 66. Rh4 Kc3 67. Rg4 Re8 68. Rg5 d4 69. Rc5+ Kd2 70. Bb5 e3+ 71. Kf3 e2 72. Bxe2 Re3+ 73. Kf4 Rxe2 74. Rd5 d3 75. Rd8 Re7 76. Kf3 Kc2 77. Rc8+ Kd1 78. Rd8 d2 79. Kf2 Re5 80. Rc8 Rf5+ 81. Ke3 Ke1 82. Rh8 d1=Q 83. Rh1+ Rf1 84. Rxf1+ Kxf1 0-1


[Site "https://www.chess.com"]

[Event "Titled Tuesday Blitz June 14 Late 2022"]
[White "Postnikov, Daniil"]
[Black "Sarkar, Justin"]
[WhiteFideId "4166329"]
[BlackFideId "2010011"]
[WhiteElo "2261"]
[BlackElo "2020"]
[Result "0-1"]
[Round "05"]
[TimeControl "180+1"]
[Date "2022.06.15"]
[WhiteClock "0:00:12"]
[BlackClock "0:00:04"]

1. e4 e5 2. Nf3 Nc6 3. Nc3 Nf6 4. Bb5 Bb4 5. O-O O-O 6. d3 d6 7. Ne2 Bg4 8. c3 Bxf3 9. gxf3 Bc5 10. d4 Bb6 11. Kh1 exd4 12. cxd4 d5 13. e5 Nh5 14. Be3 g6 15. f4 Ne7 16. Bd3 Qd7 17. Ng3 Ng7 18. Qc2 Qh3 19. Rg1 Kh8 20. f5 Nexf5 21. Nxf5 Nxf5 22. Bxf5 Qxf5 23. Qxf5 gxf5 24. Bg5 f6 25. Bxf6+ Rxf6 26. exf6 Bxd4 27. Rad1 c5 28. f7 Rf8 29. Rg8+ Rxg8 30. fxg8=Q+ Kxg8 31. b4 b6 32. bxc5 bxc5 33. Kg2 Kf7 34. Kf3 Ke6 35. Ke2 Bc3 36. Kd3 Bb4 37. f4 c4+ 38. Kd4 Kd6 39. Rb1 Bc5+ 40. Kc3 Be3 41. Rb7 Bxf4 42. Rxh7 Be5+ 43. Kb4 f4 44. Rf7 Ke6 45. Rf8 Bd6+ 0-1


[Site "https://www.chess.com"]

[Event "Titled Tuesday Blitz June 14 Late 2022"]
[White "Remolar Gallen, Jose"]
[Black "Zhurbinsky, David"]
[WhiteFideId "2215187"]
[BlackFideId "2072904"]
[WhiteElo "2205"]
[BlackElo "2553"]
[Result "0-1"]
[Round "05"]
[TimeControl "180+1"]
[Date "2022.06.15"]
[WhiteClock "0:00:06"]
[BlackClock "0:00:03"]

1. d4 Nf6 2. c4 e6 3. Nf3 Bb4+ 4. Nbd2 O-O 5. a3 Bxd2+ 6. Qxd2 d6 7. e3 Nbd7 8. Bd3 e5 9. Qc2 Qe7 10. dxe5 dxe5 11. Nd2 a5 12. O-O Nc5 13. Be2 a4 14. b4 axb3 15. Nxb3 Bf5 16. Qxf5 Nxb3 17. Rb1 Nxc1 18. Rfxc1 c6 19. Rc3 Rfd8 20. Rcb3 Rxa3 21. Rxb7 Qd6 22. g4 g6 23. Qf3 e4 24. Qh3 Ra2 25. Bf1 Qd2 26. Qh4 Nxg4 27. Rxf7 Kxf7 28. Rb7+ Rd7 29. Qxh7+ Kf6 30. Qh8+ Kf5 31. Qf8+ Kg5 32. Rxd7 Qxd7 33. Qf4+ Kh5 34. h4 Qf5 35. Qg3 Qxf2+ 36. Qxf2 Rxf2 0-1


[Site "https://www.chess.com"]

[Event "Titled Tuesday Blitz June 14 Late 2022"]
[White "Reprintsev, Alexander"]
[Black "Seo, Jung Min"]
[WhiteFideId "14100541"]
[BlackFideId "1734687"]
[WhiteElo "2108"]
[BlackElo "2414"]
[Result "0-1"]
[Round "05"]
[TimeControl "180+1"]
[Date "2022.06.14"]
[WhiteClock "0:00:13"]
[BlackClock "0:01:21"]

1. e4 c5 2. b3 e6 3. Qe2 Nc6 4. Bb2 Nf6 5. e5 Nd5 6. Nf3 Be7 7. g3 O-O 8. c4 Ndb4 9. d3 d6 10. a3 Na6 11. Bg2 dxe5 12. Nxe5 Nd4 13. Bxd4 Qxd4 14. Ra2 Rd8 15. O-O Bf6 16. Ng4 Be7 17. Rd1 Rb8 18. Ne5 Bf6 19. Nf3 Qd6 20. Rad2 Bd7 21. d4 cxd4 22. Nxd4 Qc7 23. b4 Ba4 24. Nc2 Rxd2 25. Rxd2 Rc8 26. Ne3 Nb8 27. Bf1 Be8 28. Ng4 Be7 29. Nc3 a5 30. c5 axb4 31. axb4 Nc6 32. Nb5 Qb8 33. Qc4 h5 34. Ne3 Ne5 35. Qf4 g5 36. Qe4 Bc6 0-1


[Site "https://www.chess.com"]

[Event "Titled Tuesday Blitz June 14 Late 2022"]
[White "Riehle, Marco"]
[Black "Colpe, Malte"]
[WhiteFideId "12904392"]
[BlackFideId "24623075"]
[WhiteElo "2462"]
[BlackElo "2328"]
[Result "1-0"]
[Round "05"]
[TimeControl "180+1"]
[Date "2022.06.14"]
[WhiteClock "0:00:46"]
[BlackClock "0:00:01"]

1. e4 c5 2. a3 g6 3. h4 Nc6 4. h5 gxh5 5. Nc3 Nf6 6. Bc4 e6 7. d3 d5 8. Ba2 Rg8 9. g3 d4 10. Nce2 Bd7 11. Nf4 Bd6 12. Nxh5 Ng4 13. Bf4 Qa5+ 14. b4 Qc7 15. Bxd6 Qxd6 16. b5 Ne7 17. a4 O-O-O 18. Qd2 f5 19. O-O-O fxe4 20. dxe4 Ng6 21. f4 c4 22. Qxd4 Qa3+ 23. Qb2 Qxb2+ 24. Kxb2 Nf2 25. Ne2 Nxh1 26. Rxh1 Rgf8 27. Bxc4 a6 28. Ng7 e5 29. f5 Ne7 30. Be6 axb5 31. axb5 Bxe6 32. Nxe6 1-0


[Site "https://www.chess.com"]

[Event "Titled Tuesday Blitz June 14 Late 2022"]
[White "Roman, Rodrigo"]
[Black "Mortazavi, Ali"]
[WhiteFideId "3701220"]
[BlackFideId "401323"]
[WhiteElo "2001"]
[BlackElo "2339"]
[Result "1-0"]
[Round "05"]
[TimeControl "180+1"]
[Date "2022.06.15"]
[WhiteClock "0:00:30"]
[BlackClock "0:00:14"]

1. e4 c6 2. d4 d5 3. exd5 cxd5 4. Bd3 Nc6 5. c3 Qc7 6. h3 g6 7. Nf3 Bf5 8. O-O Nf6 9. Re1 e6 10. Bg5 Be7 11. Ne5 Nxe5 12. dxe5 Ne4 13. Bxe7 Qxe7 14. Qa4+ Kf8 15. Bxe4 Bxe4 16. Nd2 Bd3 17. Nf3 Kg7 18. Qf4 h6 19. Nd4 g5 20. Qg3 Bg6 21. f4 gxf4 22. Qxf4 Qg5 23. Rf1 Qxf4 24. Rxf4 a6 25. a4 Rac8 26. a5 Rc5 27. Ra3 Rhc8 28. g4 Rb8 29. Kf2 Be4 30. Ke3 b5 31. axb6 Rxb6 32. Rf2 Rc7 33. Ra1 Bg6 34. h4 Rcb7 35. b4 Rc7 36. Kd2 Be4 37. Raf1 Rb8 38. Re2 Rbc8 39. Re3 Rb7 40. Ra1 Rb6 41. Ra5 Kh7 42. Rg3 Rg8 43. Ke3 h5 44. Kf4 hxg4 45. Rxg4 Rxg4+ 46. Kxg4 Bd3 47. Rc5 Rb8 48. Kg5 Kg7 49. Rc7 Re8 50. h5 Bh7 51. h6+ Kf8 52. Kf6 Bg6 53. Rxf7+ Kg8 54. Rg7+ Kh8 55. Kxg6 a5 56. Rh7+ Kg8 57. Ra7 axb4 58. cxb4 Kh8 59. Nf3 Rg8+ 60. Rg7 Rf8 61. Ng5 Rf6+ 62. exf6 1-0


[Site "https://www.chess.com"]

[Event "Titled Tuesday Blitz June 14 Late 2022"]
[White "Rosen, Eric"]
[Black "Sjugirov, Sanan"]
[WhiteFideId "2032562"]
[BlackFideId "4189302"]
[WhiteElo "2362"]
[BlackElo "2602"]
[Result "0-1"]
[Round "05"]
[TimeControl "180+1"]
[Date "2022.06.14"]
[WhiteClock "0:00:03"]
[BlackClock "0:00:26"]

1. d4 Nf6 2. Bf4 e6 3. e3 c5 4. Nf3 cxd4 5. exd4 b6 6. Nbd2 Bb7 7. c3 Be7 8. Bd3 d6 9. O-O Nbd7 10. Re1 O-O 11. h3 a6 12. a4 Re8 13. Bg3 Qc7 14. Qc2 h6 15. Rad1 Bc6 16. Qb3 Qb7 17. Bf1 b5 18. axb5 axb5 19. Ra1 Bf8 20. Nh2 Nh5 21. Ng4 Nxg3 22. fxg3 Be7 23. Ne3 Rxa1 24. Rxa1 Bg5 25. Re1 h5 26. h4 Bh6 27. Bd3 Nf6 28. Ndf1 Rb8 29. Qc2 b4 30. c4 Qa7 31. c5 Rd8 32. Be2 Be4 33. Qc4 Rc8 34. Rc1 Nd5 35. Qb3 dxc5 36. Nxd5 Bxd5 37. Qc2 b3 38. Qd1 Bxc1 39. Qxc1 Rc7 40. Kh2 cxd4 41. Qd1 g6 42. Bf3 Qc5 43. g4 hxg4 44. Bxg4 Qc2 45. Nd2 Qxd1 46. Bxd1 d3 47. Kg3 Rc2 48. Nxb3 Bxb3 0-1


[Site "https://www.chess.com"]

[Event "Titled Tuesday Blitz June 14 Late 2022"]
[White "Sanal, Vahap"]
[Black "Xiong, Jeffery"]
[WhiteFideId "6300545"]
[BlackFideId "2047640"]
[WhiteElo "2574"]
[BlackElo "2714"]
[Result "0-1"]
[Round "05"]
[TimeControl "180+1"]
[Date "2022.06.14"]
[WhiteClock "0:00:01"]
[BlackClock "0:01:09"]

1. e4 e5 2. Nc3 Nf6 3. Bc4 Nxe4 4. Qh5 Nd6 5. Qxe5+ Qe7 6. Qxe7+ Bxe7 7. Be2 Nf5 8. Nf3 c6 9. g4 Nh4 10. Nxh4 Bxh4 11. Ne4 d5 12. Nd6+ Ke7 13. Nxc8+ Rxc8 14. d4 Nd7 15. O-O Re8 16. Bd3 h6 17. c3 Bg5 18. f4 Bh4 19. Rf3 Kf8 20. Bd2 Nf6 21. Rh3 g5 22. fxg5 hxg5 23. Rf1 Nxg4 24. Rhf3 Nh6 25. Rh3 Re6 26. Bf5 Nxf5 27. Rxf5 Rae8 28. Rhf3 R8e7 29. Bxg5 Rg6 30. Rg3 Re1+ 31. Kf2 Bxg3+ 32. hxg3 Rb1 33. b3 Rb2+ 34. Kf3 Rc2 35. g4 Rxc3+ 36. Kf4 Re6 37. Bf6 Re4+ 38. Kg5 Rg3 39. Kh5 Rgxg4 40. Bg5 Rg2 41. Bf6 Ke8 42. Be5 Re1 0-1


[Site "https://www.chess.com"]